 Dungeon Crawl Stone Soup version 0.21.1-1-g345015fe64 (webtiles) character file.

461 Ponchio the Skirmisher (level 7, -3/105 HPs)
             Began as a Gargoyle Fighter on July 4, 2018.
             Killed from afar by a white imp (7 damage)
             ... with a puff of frost
             ... summoned by Natasha
             ... on level 3 of the Dungeon.
             The game lasted 00:09:09 (3077 turns).

Ponchio the Skirmisher (Gargoyle Fighter)           Turns: 3077, Time: 00:09:12

Health: -3/105     AC: 23    Str: 24    XL:     7   Next: 7%
Magic:  7/7        EV:  2    Int:  9    God:
Gold:   214        SH: 10    Dex: 16    Spells: 6/6 levels left

rFire    . . .     SeeInvis .   a - +0 flail
rCold    . . .     Gourm    .   c - +0 shield
rNeg     + + +     Faith    .   (armour currently unavailable)
rPois    ∞         Spirit   .   (helmet currently unavailable)
rElec    .         Reflect  .   (cloak currently unavailable)
rCorr    .         Harm     .   (gloves currently unavailable)
MR       .....     NoTele   +   (boots currently unavailable)
Stlth    ..........             (no amulet)
HPRegen  0.27/turn              (no ring)
MPRegen  0.10/turn              (no ring)

@: agile, berserking, tree-form, very quick
A: negative energy resistance 1, petrification resistance, rot immunity, AC +4
a: no special abilities


You were on level 3 of the Dungeon.
You were not hungry.
You were a tree.
You visited 1 branch of the dungeon, and saw 3 of its levels.

You collected 214 gold pieces.

Inventory:

Hand Weapons
 a - a +0 flail (weapon)
Armour
 c - a +0 shield (worn)
 l - a +0 ring mail (melded)
Jewellery
 g - an uncursed ring of magical power {unknown}
Scrolls
 i - 3 scrolls of identify {unknown}
 k - 4 scrolls of magic mapping {unknown}
 m - a scroll of teleportation {unknown}
Potions
 d - a potion of might
 j - a potion of flight {unknown}
 n - a potion of degeneration {unknown}
Comestibles
 f - 7 rations
 o - 5 chunks of flesh


   Skills:
 + Level 6.4 Fighting
 + Level 5.3 Maces & Flails
 - Level 3.2 Armour
 - Level 3.2 Shields


You had 6 spell levels left.
You didn't know any spells.

Dungeon Overview and Level Annotations

Branches:
Dungeon (3/15)

Altars:
Xom

Annotations:
D:3 Natasha


Innate Abilities, Weirdness & Mutations

You are resistant to torment.
((Your stone body is resilient. (AC +4)))
You are immune to poison.
You resist negative energy. (rN+)
((You are resistant to electric shocks. (rElec)))
((You can survive without breathing.))
You are immune to petrification.
You are immune to rotting.


Message History

You feel agile all of a sudden. Natasha barely misses you.
The white imp completely misses you.
It was a potion of berserk rage.
A red film seems to cover your vision as you go berserk!
You feel yourself moving faster!
You feel mighty! You block Natasha's attack. The white imp barely misses you.
You sock Natasha!
Natasha is almost dead.
You closely miss Natasha.
Natasha is almost dead.
Natasha casts a spell.
The white imp spits at you. You block the white imp's attack.
You closely miss Natasha.
Natasha is almost dead.
Natasha claws you but does no damage.
The white imp laughs crazily.
The white imp gestures at you. The puff of frost hits you!
You die...

#.......# #. ####.#####.# #.
#..........# ####.
#.############# #.... #.# .......
#..#. #.# ....... #..#. #.#
......< #..#. #.######.......
#..## #..5♣h55....... #....
#.#####........ #....
#....##....[... ##.#.
#.##.##.###.### #.### #.......#
..# ##.#. ######## ####.#######.#
#.# .......# #.......#.######.#
.#.###.# #.......#.#...##.#
....##.#########.......#...#..#.#


You could see an iron imp, Natasha, a crimson imp and a white imp.

Vanquished Creatures
  Grinder (D:3)
  Sigmund (D:3)
  Jessica (D:3)
  3 adders
  An ooze (D:1)
  2 dart slugs (D:1)
  A worm (D:2)
  A leopard gecko (D:2)
  A ball python (D:3)
  8 bats
  A giant cockroach (D:2)
  9 hobgoblins
  2 jackals (D:1)
  6 frilled lizards
  5 goblins (D:1)
  3 kobolds
  5 rats
51 creatures vanquished.

Notes
Turn   | Place    | Note
-------+----------+-------------------------------------------
     0 | D:1      | Ponchio the Gargoyle Fighter began the quest for the Orb.
     0 | D:1      | Reached XP level 1. HP: 14/14 MP: 1/1
    44 | D:1      | Reached XP level 2. HP: 19/19 MP: 2/2
   303 | D:1      | Reached XP level 3. HP: 16/24 MP: 3/3
   307 | D:1      | Reached skill level 4 in Fighting
  1892 | D:2      | Reached XP level 4. HP: 27/30 MP: 4/4
  1953 | D:2      | Found a shimmering altar of Xom.
  2319 | D:3      | Noticed Jessica
  2331 | D:3      | Killed Jessica
  2459 | D:3      | Noticed Grinder
  2522 | D:3      | Killed Grinder
  2522 | D:3      | Reached skill level 5 in Fighting
  2522 | D:3      | Reached XP level 5. HP: 7/36 MP: 5/5
  2522 | D:3      | Reached XP level 6. HP: 8/41 MP: 6/6
  2960 | D:3      | Noticed Sigmund
  2982 | D:3      | Killed Sigmund
  2982 | D:3      | Reached skill level 6 in Fighting
  2982 | D:3      | Reached skill level 5 in Maces & Flails
  2982 | D:3      | Reached XP level 7. HP: 38/47 MP: 7/7
  3053 | D:3      | Noticed Natasha
  3071 | D:3      | HP: 1/47 [white imp/puff of frost[Natasha] (12)]
  3077 | D:3      | Killed from afar by a white imp

Skill      XL: |  1  2  3  4  5  6 |
---------------+-------------------+-----
Fighting       | 4 5 6 |  6.4
Maces & Flails | 3 4 5 |  5.3
Armour         | |  3.2
Shields        | |  3.2

Action                   |  1- 3 |  4- 6 |  7- 9 || total
-------------------------+-------+-------+-------++-------
Melee: Flail             |   144 |    85 |    13 ||   242
  Use: Potion            |       |       |     3 ||     3
  Eat: Chunk             |     3 |     4 |       ||     7
Armor: Scale mail        |    77 |       |       ||    77
       Ring mail         |     5 |    36 |     4 ||    45
       Skin              |       |       |     3 ||     3
Dodge: Dodged            |    49 |    16 |     7 ||    72
Block: Shield            |    95 |    37 |     5 ||   137
